 Dungeon Crawl Stone Soup version 0.32-a0-921-g04a7ad8e02 (webtiles) character file.

Game seed: 2080767833754325092

1784561 Ge0ff the Gargoyle Child (level 27, 165/165 HPs)
             Began as a Gargoyle Chaos Knight on Apr 10, 2024.
             Was a Follower of Hepliaklqana.
             Escaped with the Orb
             ... and 3 runes
             ... and 1 gem on Apr 11, 2024!
             The game lasted 03:02:14 (68647 turns).

Ge0ff the Gargoyle Child (Gargoyle Chaos Knight)   Turns: 68647, Time: 03:02:14

Health: 165/165    AC: 71    Str: 29    XL:     27
Magic:  38/38      EV: 25    Int: 16    God:    Hepliaklqana [*.....]
Gold:   818        SH: 19    Dex: 17    Spells: 43/46 levels left

rFire   + + +        a - +9 demon trident (spect)
rCold   + + .        Y - +5 kite shield {reflect}
rNeg    + . .        Q - +11 gold dragon scales "Luhooq" {rPois rF+ rC+ Will- rCorr Int+3 Dex+2}
rPois   ∞            P - +1 helmet "Dyida" {rF++}
rElec   +            S - +4 dragonskin cloak {Aegis}
rCorr   +            k - +2 pair of gloves {Dex+3}
SInv    .            h - +2 pair of boots {rampage}
Will    ++...        c - amulet of Vitality {Regen++ RegenMP++} Stlth
                     L - ring of the Hare {EV+10, =R}
HPRegen 2.07/turn    A - ring of Dishonesty {rF+ rC+ Will+ Slay+2}
MPRegen 1.06/turn

%: reflection, clarity, rampage
@: flying, studying Ice Magic
A: reduced essence, sickness immunity, AC +20, big wings, negative energy
resistance 1, electricity resistance, torment resistance 1, petrification
resistance, clarity, strong 1, noise suppression
0: Orb of Zot
}: 3/15 runes: decaying, serpentine, silver
a: Renounce Religion, Recall Ancestor, Ancestor Identity


You escaped.
You worshipped Hepliaklqana.
Hepliaklqana was aware of your devotion.
You visited 10 branches of the dungeon, and saw 48 of its levels.
You visited the Abyss 1 time.
You also visited: Sewer, Ice Cave and Wizlab.

You collected 8224 gold pieces.
You spent 7406 gold pieces at shops.

Inventory:

Hand Weapons
 a - a +9 spectral demon trident (weapon)
 b - a +8 spear of chaos
Missiles
 g - 2 throwing nets {=F}
 v - 7 curare-tipped darts {=F}
 w - a boomerang (quivered)
 x - 12 javelins
Armour
 h - a +2 pair of boots of rampaging (worn)
 i - the +3 cloak "Saplat" {rElec Str+3}
   (You found it on level 2 of the Swamp)

   Str+3:     It affects your strength (+3).
   rElec:     It insulates you from electricity.
 k - a +2 pair of gloves of dexterity (worn)
 P - the +1 helmet "Dyida" (worn) {rF++}
   (You found it on level 5 of the Vaults)

   rF++:      It greatly protects you from fire.
 Q - the +11 gold dragon scales "Luhooq" (worn) {rPois rF+ rC+ Will- rCorr Int+3 Dex+2}
   (You took it off a deep elf high priest on level 3 of the Elven Halls)

   Int+3:     It affects your intelligence (+3).
   Dex+2:     It affects your dexterity (+2).
   rF+:       It protects you from fire.
   rC+:       It protects you from cold.
   rPois:     It protects you from poison.
   Will-:     It decreases your willpower.
   rCorr:     It protects you from acid and corrosion.
 S - the +4 dragonskin cloak (worn) {Aegis}
   (You took it off Tiamat on level 2 of the Realm of Zot)

   Avatar's Aegis: It grants the wearer a chance to resist fire, cold, poison,
   electricity, acid, and negative energy.
 Y - a +5 kite shield of reflection (worn)
Jewellery
 c - the amulet of Vitality (around neck) {Regen++ RegenMP++}
   (You took it off a deep elf blademaster on level 3 of the Elven Halls)

   [amulet of nothing]

   Regen++:   It increases your rate of health regeneration.
   RegenMP++: It increases your rate of magic regeneration.
 f - the ring "Caduidgh" {rC+ rN+ Will- Dex+3 Slay+6}
   (You found it on level 3 of the Elven Halls)

   [ring of protection from cold]

   Dex+3:     It affects your dexterity (+3).
   Slay+6:    It affects your accuracy & damage with ranged weapons and melee
   (+6).
   rC+:       It protects you from cold.
   rN+:       It protects you from negative energy.
   Will-:     It decreases your willpower.
 p - the ring of Ywkin {rCorr Dex+6 Slay+3}
   (You found it on level 3 of the Elven Halls)

   [ring of dexterity]

   Dex+6:     It affects your dexterity (+6).
   Slay+3:    It affects your accuracy & damage with ranged weapons and melee
   (+3).
   rCorr:     It protects you from acid and corrosion.
 y - an amulet of faith
 A - the ring of Dishonesty (right hand) {rF+ rC+ Will+ Slay+2}
   (You bought it in a shop on level 3 of the Elven Halls)

   [ring of protection from cold]

   Slay+2:    It affects your accuracy & damage with ranged weapons and melee
   (+2).
   rF+:       It protects you from fire.
   rC+:       It protects you from cold.
   Will+:     It increases your willpower.
 D - the ring "Ucejiri" {Wiz rPois rC- Str+3 Slay+5}
   (You took it off a deep elf sorcerer on level 3 of the Elven Halls)

   [ring of wizardry]

   Wiz:       It improves your spell success rate.
   Str+3:     It affects your strength (+3).
   Slay+5:    It affects your accuracy & damage with ranged weapons and melee
   (+5).
   rC-:       It makes you vulnerable to cold.
   rPois:     It protects you from poison.
 G - a ring of see invisible
 L - the ring of the Hare (left hand) {EV+10, =R}
   (You bought it in a shop on level 2 of the Orcish Mines)

   [ring of evasion]

   EV+10:     It affects your evasion (+10).
Wands
 d - a wand of digging (8)
 e - a wand of charming (27)
 j - a wand of acid (8)
 r - a wand of roots (33)
 s - a wand of mindburst (6)
Scrolls
 B - 5 scrolls of blinking
 C - 6 scrolls of poison
 E - 4 scrolls of fear
 F - 4 scrolls of fog
 J - a scroll of silence {!r}
 T - 19 scrolls of teleportation
 V - 7 scrolls of vulnerability
Potions
 o - 6 potions of ambrosia
 q - 24 potions of curing
 u - 6 potions of mutation {!q}
 z - 13 potions of brilliance
 H - 7 potions of haste {!q}
 I - 5 potions of invisibility
 K - 5 potions of magic {!q}
 M - 5 potions of might
 N - 5 potions of cancellation {!q}
 R - 5 potions of resistance
 W - 12 potions of heal wounds {!q}
 X - 3 potions of enlightenment
 Z - 8 potions of berserk rage {!q}
Miscellaneous
 l - a lightning rod (inert)
 n - a phial of floods
 t - a tin of tremorstones (1/2)
 O - a sack of spiders
 U - a phantom mirror


   Skills:
 - Level 22.0 Fighting
 - Level 14.0 Polearms
 - Level 6.0 Throwing
 - Level 20.0 Armour
 + Level 20.4 Dodging
 - Level 2.0 Stealth
 - Level 15.0 Shields
 - Level 10.0 Spellcasting
 - Level 12.0 Earth Magic
 - Level 22.1 Invocations
 + Level 16.2 Evocations


You had 43 spell levels left.
You knew the following spells:

 Your Spells              Type           Power      Damage    Failure   Level
w - Passwall              Erth           46%        N/A       3%          3

Your spell library contained the following spells:

 Spells                   Type           Power      Damage    Failure   Level
 Brom's Barrelling Bould  Conj/Erth      27%        2d5       75%         4
 Kiss of Death            Conj/Necr      32%        2d7       80%         1
 Necrotise                Necr           32%        1d5       80%         1
 Shock                    Conj/Air       32%        1d5       80%         1
 Slow                     Hex            32%        N/A       80%         1
 Summon Small Mammal      Summ           32%        N/A       80%         1
 Blink                    Tloc           16%        N/A       90%         2
 Ensorcelled Hibernation  Hex/Ice        16%        N/A       90%         2
 Jinxbite                 Hex            16%        N/A       90%         2
 Lesser Beckoning         Tloc           16%        N/A       90%         2
 Mercury Vapours          Alch/Air       16%        N/A       90%         2
 Momentum Strike          Conj/Tloc      16%        3d8       90%         2
 Static Discharge         Conj/Air       16%        3-4/arc   90%         2
 Borgnjor's Vile Clutch   Necr/Erth      13%        N/A       97%         5
 Call Canine Familiar     Summ           8%         N/A       99%         3
 Confusing Touch          Hex            8%         N/A       99%         3
 Frozen Ramparts          Ice            16%        1d3       99%         3
 Maxwell's Portable Pile  Tloc           8%         2d(6-16)  99%         3
 Mephitic Cloud           Conj/Alch/Air  8%         N/A       99%         3
 Swiftness                Air            8%         N/A       99%         3
 Teleport Other           Tloc           8%         N/A       99%         3
 Vampiric Draining        Necr           8%         2d6       99%         3
 Volatile Blastmotes      Fire/Tloc      16%        2d11      99%         3
 Airstrike                Air            4%         2d(1-17)  100%        4
 Anguish                  Hex/Necr       4%         N/A       100%        4
 Animate Dead             Necr           8%         N/A       100%        4
 Cause Fear               Hex            4%         N/A       100%        4
 Dispel Undead            Necr           8%         3d8       100%        4
 Fulminant Prism          Conj/Alch      4%         3d5       100%        4
 Ignite Poison            Fire/Alch      8%         N/A       100%        4
 Iskenderun's Mystic Bla Conj/Tloc 8%             2d4        (+2d1     100%        4
 Olgreb's Toxic Radiance  Alch           8%         N/A       100%        4
 Passage of Golubria      Tloc           8%         N/A       100%        4
 Sticky Flame             Fire/Alch      8%         2d4       100%        4
 Summon Blazeheart Golem  Fire/Summ      8%         N/A       100%        4
 Summon Lightning Spire   Summ/Air       8%         N/A       100%        4
 Curse of Agony           Necr           8%         N/A       100%        5
 Fireball                 Conj/Fire      4%         3d4       100%        5
 Freezing Cloud           Conj/Ice/Air   4%         6-21      100%        5
 Iskenderun's Battlesphe  Conj           8%         2d6       100%        5
 Silence                  Hex/Air        4%         N/A       100%        5
 Yara's Violent Unravell  Hex/Alch       4%         3d4       100%        5
 Conjure Ball Lightning   Conj/Air       4%         3x3d6     100%        6
 Death Channel            Necr           4%         N/A       100%        6
 Dispersal                Tloc           4%         N/A       100%        6
 Gell's Gavotte           Tloc           4%         2d(13-19) 100%        6
 Sculpt Simulacrum        Ice/Alch       4%         N/A       100%        6
 Enfeeble                 Hex            4%         N/A       100%        7
 Haunt                    Necr/Summ      4%         N/A       100%        7
 Manifold Assault         Tloc           4%         N/A       100%        7
 Orb of Destruction       Conj           4%         9d5       100%        7
 Ozocubu's Refrigeration  Ice            4%         4d8       100%        7
 Borgnjor's Revivificati  Necr           4%         N/A       100%        8
 Discord                  Hex            4%         N/A       100%        8
 Disjunction              Tloc           4%         N/A       100%        8
 Ignition                 Fire           4%         3d4       100%        8
 Infestation              Necr           4%         N/A       100%        8
 Lehudib's Crystal Spear  Conj/Erth      13%        10d5      100%        8
 Chain Lightning          Conj/Air       4%         3d5       100%        9
 Death's Door             Necr           4%         N/A       100%        9
 Fire Storm               Conj/Fire      4%         8d1       100%        9
 Polar Vortex             Ice            4%         N/A       100%        9
 Shatter                  Erth           23%        3d20*     100%        9
 Cigotuvi's Dreadful Rot  Necr/Alch/Air  Unusable   N/A       N/A         2
 Sublimation of Blood     Necr           Unusable   N/A       N/A         2

Dungeon Overview and Level Annotations

Branches:
Dungeon (15/15)            Temple (1/1) D:5            Lair (5/5) D:11
  Swamp (4/4) Lair:2        Snake (4/4) Lair:3        Slime (0/5) Lair:4
    Orc (2/2) D:12            Elf (3/3) Orc:2        Vaults (5/5) D:14
  Crypt (0/3) Vaults:3     Depths (4/4) D:15            Zot (5/5) Depths:4
  Sewer (visited)           IceCv (visited)          WizLab (visited)

Altars:
Ashenzari
Cheibriados
Dithmenos
Elyvilon
Fedhas
Gozag
Hepliaklqana
Kikubaaqudgha
Makhleb
Nemelex Xobeh
Okawaru
Qazlal
Ru
Sif Muna
Trog
Uskayaw
Vehumet
Wu Jian
Xom
Yredelemnul
Zin
The Shining One
Ignis
Jiyva
Lugonu

Shops:
D:5 =   D:6 *   D:9 :   D:11 (   Orc:2 [(*=   Elf:3 =([*   Snake:2 !?(!
Snake:3 **   Depths:4 *[

Portals:
Hell: Lair:5 Depths:1 Depths:2 Depths:3 Depths:4
Abyss: Depths:1 Depths:2 Depths:3
Pandemonium: Depths:2 Depths:3
Ziggurat: Depths:2


Innate Abilities, Weirdness & Mutations

Your life essence is reduced to manifest your ancestor. (-10% HP)
You are immune to sickness and miasma.
Your stone body is resilient. (AC +20)
You are immune to poison.
Your large and strong wings let you fly.
You resist negative energy. (rN+)
You are resistant to electric shocks. (rElec)
You are resistant to unholy torment.
You are immune to petrification.
You possess an exceptional clarity of mind.
Your muscles are strong. (Str +4, Int/Dex -1)
You passively dampen the noise of your surroundings.


Message History

You continue putting on your amulet of faith. x3
You finish putting on your amulet of faith.
You feel a surge of divine interest.
y - an amulet of faith (around neck)
You start removing your amulet.
You continue removing your amulet of faith. x4
You finish removing your amulet of faith.
Hepliaklqana seems less interested in you.
You feel less pious.
You no longer drain nearby creatures when transferring your ancestor.
You start putting on your amulet.
You continue putting on your amulet of faith. x5
You finish putting on your amulet of faith.
You feel a surge of divine interest.
y - an amulet of faith (around neck)
You start removing your amulet.
You continue removing your amulet of faith.
Your extra speed is starting to run out.
You continue removing your amulet of faith. x3
You finish removing your amulet of faith.
Hepliaklqana seems less interested in you.
You feel less pious.
You can no longer swap creatures with your ancestor.
You start putting on your amulet.
You continue putting on your amulet of faith. x2
Gargcestor mumbles some strange words.
Gargcestor seems to speed up.
You continue putting on your amulet of faith. x2
Gargcestor casts a spell at the large abomination.
The bolt of magma hits the large abomination!!
You continue putting on your amulet of faith.
Gargcestor gestures at the large abomination while chanting.
The crystal spear hits the large abomination!!!
The large abomination is destroyed!
You finish putting on your amulet of faith.
You feel a surge of divine interest.
y - an amulet of faith (around neck)
You feel yourself slow down.
You start removing your amulet.
You continue removing your amulet of faith. x4
You finish removing your amulet of faith.
Hepliaklqana seems less interested in you.
You feel less pious.
You start putting on your amulet.
You continue putting on the amulet of Vitality {Regen++ RegenMP++}. x5
You finish putting on the amulet of Vitality {Regen++ RegenMP++}.
c - the amulet of Vitality (around neck) {Regen++ RegenMP++} The amulet of Vitality throbs as it attunes itself to your uninjured body.
There is a staircase leading out of the dungeon here.
You have escaped!

##.######.####.#.#####....#....##
#.............................##
#..######.##.....#####.#.....##
#.........###....#####.#....##
...######## ##.#.....)...##.#
....# #######...####÷# ....#
#.....##.## #.# ###.#
###.R...##.# #.# ## #.#
#.'..@..'..#####.####. #.##
##.#.....#####.......#. #..##
##..#.....# ##.##....#.
##...####...##########...#....#.
#.......'.........'..÷..........
##...####.........####......#.#.
#..## ##.......## ##..#.##.#.
#.## ##.....## ##.#.##.#. #.#
##...## #.#....#.


You could see the friendly Gargcestor the battlemage (fast).

Vanquished Creatures
  A dread lich (Zot:5)
  Tiamat (Zot:2)
  3 ancient liches
  An orb of fire (Zot:5)
  2 juggernauts
  3 Killer Klowns (Zot:5)
  Bai Suzhen (Swamp:3)
  2 golden dragons
  An electric golem (Zot:2)
  A Tzitzimitl (Zot:3)
  3 tentacled monstrosities
  2 liches
  7 titans
  A Hell Sentinel (Zot:3)
  13 Orb Guardians
  2 deep elf blademasters (Elf:3)
  2 deep elf master archers (Elf:3)
  A walking frostbound tome (Depths:3)
  5 sphinxes
  A quicksilver dragon (Zot:5)
  2 death cobs
  An ancient champion (WizLab)
  Agnes (Elf:2)
  Donald (Swamp:3)
  8 tengu reavers
  4 storm dragons
  Aizul (Lair:3)
  7 draconian monks
  3 shadow dragons
  2 protean progenitors
  2 deep elf sorcerers (Elf:3)
  2 fire giants
  An azure jelly (Swamp:4)
  7 frost giants
  4 draconian knights
  10 vault wardens
  2 iron dragons (Zot:2)
  2 draconian shifters (Zot:2)
  3 draconian stormcallers
  3 deep elf elementalists (Elf:3)
  A ghost moth (Zot:5)
  An orc warlord (Vaults:3)
  2 reapers
  9 ironbound preservers
  A balrug (Depths:1)
  An angel (Depths:2)
  6 ironbound thunderhulks
  2 spriggan defenders
  6 draconian annihilators (Zot:2)
  13 stone giants
  A ghoul (Abyss:2)
  2 demonspawn corrupters (D:14)
  4 green draconians
  6 very ugly things
  A deep elf death mage (Elf:3)
  6 dire elephants (Vaults:1)
  5 yellow draconians
  3 eleionomae
  7 deep elf demonologists
  2 vampire knights
  6 black draconians
  3 spark wasps
  A bunyip (Swamp:2)
  A halazid warlock (WizLab)
  4 purple draconians
  3 deep elf annihilators
  5 white draconians
  2 war gargoyles (Vaults:3)
  7 red draconians
  A crystal guardian (Vaults:3)
  9 ettins
  2 deep elf high priests
  A fire dragon (Depths:3)
  An entropy weaver (Vaults:3)
  5 yaktaur captains
  3 great orbs of eyes
  A jiangshi (WizLab)
  4 rakshasas
  6 ice dragons
  A peacekeeper (Vaults:4)
  7 hydras
  A salamander tyrant (Snake:4)
  4 spriggan air magi
  A catoblepas (D:14)
  4 ironbound frosthearts
  15 vault guards
  4 alligators
  13 anacondas
  12 centaur warriors
  Erolcha (D:11)
  9 dancing weapons
  5 boulder beetles
  3 deep troll shamans
  A two-headed ogre (D:11)
  A satyr (Zot:3)
  A vampire mage (WizLab)
  2 hell hogs (Depths:1)
  5 deep troll earth magi
  A titan zombie (WizLab)
  6 orc high priests
  5 spriggan berserkers
  A death yak (Lair:4)
  6 tengu warriors
  3 naga sharpshooters
  4 shock serpents
  Nergalle (Lair:1)
  6 naga warriors
  7 hell knights
  7 deep elf knights
  2 iron trolls (Depths:1)
  2 soul eaters (Depths:1)
  2 sixfirhies
  7 salamander mystics
  A skyshark (Lair:3)
  4 sun demons (Depths:1)
  4 goliath frogs
  A titan skeleton (Depths:2)
  3 deep elf archers
  7 skeletal warriors
  2 glowing orange brains
  3 arcanists
  25 deep trolls
  2 swamp dragons
  2 shadow demons
  11 naga ritualists
  A bog body (Swamp:3)
  10 mana vipers
  3 phantasmal warriors
  12 ironbound convokers
  2 necromancers
  2 obsidian bats
  10 orc knights
  8 deep elf zephyrmancers
  8 deep elf pyromancers
  A wolf spider (Zot:5)
  14 salamanders
  3 will-o-the-wisps (Swamp:1)
  A frost giant zombie (Depths:2)
  20 ugly things
  3 orc sorcerers
  9 cyclopes
  2 manticores
  7 elephants
  17 moths of wrath
  A centaur zombie (D:15)
  A torpor snail (Lair:5)
  7 guardian serpents
  8 vault sentinels
  3 smoke demons
  A gargoyle (D:14)
  8 naga magi
  35 black mambas
  3 orange demons
  6 cane toads
  2 ice statues (IceCv)
  4 rime drakes
  7 komodo dragons
  24 yaktaurs
  3 tengu conjurers
  An efreet (D:13)
  3 ancient zymes (Abyss:2)
  5 ice devils
  3 freezing wraiths
  4 trolls
  2 red devils
  3 polar bears
  A harpy zombie (WizLab)
  A hellwing (Lair:5)
  8 hornets
  A tarantella (Vaults:3)
  Prince Ribbit (D:7)
  14 dream sheep
  8 blink frogs
  A raiju (Abyss:2)
  8 slime creatures
  11 spriggans
  38 yaks
  A spriggan (shapeshifter) (D:15)
  4 water elementals
  3 wyverns
  4 wargs
  3 starcursed masses (Abyss:2)
  2 air elementals (Elf:1)
  7 basilisks
  A fire bat (Abyss:2)
  A fire elemental (Elf:2)
  2 golden eyes (Depths:1)
  5 vampire mosquitoes
  A steam dragon (D:4)
  3 swamp worm simulacra (Swamp:4)
  7 redbacks
  Menkaure (D:7)
  20 nagas
  A human zombie (Vaults:3)
  4 swamp worms
  An acid dragon (D:11)
  7 water moccasins
  6 hell hounds
  9 hydra simulacra
  A sky beast (D:7)
  3 ice beasts
  4 laughing skulls
  10 orc warriors
  8 ogres
  A wolf (Lair:2)
  4 centaurs
  7 bullfrogs
  3 kobold brigands
  An earth elemental (Elf:1)
  2 small abominations (Abyss:2)
  2 scorpions
  A gnoll sergeant (D:4)
  A hornet simulacrum (D:15)
  11 wights
  4 electric eels
  2 bombardier beetles
  4 howler monkeys
  8 jellies
  5 orc priests
  3 gnoll boudas
  A hound (D:7)
  3 iguanas (D:5)
  10 orc wizards
  2 centaur simulacra
  A boggart simulacrum (D:15)
  A killer bee simulacrum (D:8)
  Robin (D:3)
  21 gnolls
  3 adders
  A river rat (D:3)
  6 white imps (D:8)
  A howler monkey simulacrum (D:8)
  4 ufetubi
  4 swamp drake simulacra (Swamp:4)
  5 dart slugs
  2 ribbon worms
  43 orcs
  9 endoplasms
  9 giant cockroaches
  17 goblins
  9 hobgoblins
  5 jackals
  19 kobolds
  4 quokkas
  11 ball pythons
  7 bats
  4 frilled lizards
  6 rats
  An aspiring flesh (Zot:5)
1225 creatures vanquished.

Vanquished Creatures (collateral kills)
  4 dread liches
  An orb of fire (Zot:5)
  Saint Roka (Depths:1)
  A curse toe (Zot:3)
  8 golden dragons
  A hellephant (Abyss:2)
  9 tentacled monstrosities
  13 Orb Guardians
  3 liches
  The ghost of Konar the Warrior, an adept CoHu of Hepliaklqana (Snake:4)
  Asterion (Elf:2)
  3 quicksilver dragons
  2 sphinxes (Vaults:5)
  2 titans (Vaults:5)
  A deep elf blademaster (Elf:3)
  3 ancient champions (WizLab)
  A tentacled starspawn (Abyss:2)
  A thorn hunter (Swamp:4)
  The ghost of Silenth the Unseen, an adept KoHu of Okawaru (Swamp:2)
  4 storm dragons
  An Executioner (Abyss:2)
  2 tengu reavers (Vaults:5)
  A revenant (WizLab)
  Roxanne (Elf:3)
  5 draconian monks
  3 shadow dragons
  A fenstrider witch (Swamp:3)
  3 nagarajas
  5 deep elf sorcerers (Elf:3)
  2 protean progenitors (Zot:3)
  A fire giant (Depths:1)
  8 draconian knights
  16 vault wardens
  A daeva (Vaults:4)
  3 frost giants
  2 iron dragons
  3 deep elf elementalists (Elf:3)
  2 draconian shifters (Zot:2)
  A draconian scorcher (Zot:4)
  2 draconian stormcallers
  3 angels
  A reaper (Depths:1)
  3 draconian annihilators (Zot:2)
  8 ironbound preservers
  A spriggan defender (Depths:3)
  9 stone giants
  An ironbound thunderhulk (Vaults:1)
  2 formless jellyfish (Vaults:2)
  5 very ugly things
  2 eleionomae (Swamp:4)
  3 green draconians
  3 purple draconians
  3 halazid warlocks (WizLab)
  2 white draconians
  3 bunyips
  3 dire elephants (Vaults:1)
  10 red draconians
  3 yellow draconians
  5 deep elf death magi (Elf:3)
  3 black draconians
  9 deep elf annihilators
  A deep elf demonologist (Elf:2)
  2 war gargoyles
  7 spark wasps
  Azrael (Elf:2)
  3 spectral quicksilver dragons (WizLab)
  A quicksilver dragon zombie (WizLab)
  4 ettins
  An eidolon (WizLab)
  2 fire dragons
  5 yaktaur captains
  4 great orbs of eyes
  A deep elf high priest (Elf:3)
  18 vault guards
  6 hydras
  3 rakshasas
  4 salamander tyrants
  4 ironbound frosthearts
  An ogre mage (Vaults:5)
  2 peacekeepers (Vaults:3)
  5 ice dragons
  5 anacondas (Snake:4)
  6 centaur warriors
  2 death knights
  17 dancing weapons
  2 alligators
  2 catoblepae
  2 vampire magi
  2 boulder beetles
  A death yak (Lair:2)
  A deep troll earth mage (Depths:4)
  4 deep troll shamans
  A satyr (Zot:3)
  An orc high priest (Elf:3)
  A hell hog (Depths:1)
  2 tengu warriors
  2 spriggan berserkers (Depths:4)
  4 naga warriors
  An occultist (Lair:5)
  10 naga sharpshooters
  3 shock serpents
  A demonic crawler (Zot:3)
  2 sun demons
  2 salamander mystics
  4 skeletal warriors
  16 deep elf knights
  6 hell knights
  A shadow wraith (WizLab)
  3 goliath frogs
  A spectral spark wasp (WizLab)
  33 deep trolls
  4 spriggan druids
  3 sixfirhies
  4 iron trolls
  An obsidian statue (Zot:5)
  3 bog bodies (Swamp:2)
  4 deep elf archers
  A sun moth (shapeshifter) (Vaults:5)
  A skyshark (Lair:2)
  2 swamp dragons (Swamp:3)
  A glowing orange brain (Depths:3)
  2 phantasmal warriors
  3 arcanists
  3 naga ritualists
  4 mana vipers
  3 lindwurms
  A flayed ghost (WizLab)
  10 deep elf zephyrmancers
  A thermic dynamo (Elf:2)
  8 necromancers
  8 ironbound convokers
  A wolf spider zombie (D:15)
  18 deep elf pyromancers
  3 will-o-the-wisps
  A wolf spider (Zot:5)
  3 orc sorcerers
  14 ugly things
  17 salamanders
  A worldbinder (Abyss:2)
  10 moths of wrath
  4 cyclopes
  2 elephants
  A centaur zombie (D:15)
  3 guardian serpents
  A stone giant skeleton (Vaults:3)
  4 starcursed masses (Abyss:2)
  A torpor snail (Lair:5)
  10 naga magi
  13 black mambas
  13 vault sentinels
  7 large abominations
  Joseph (D:7)
  A cane toad (shapeshifter) (D:13)
  6 komodo dragons
  7 cane toads
  An efreet (D:13)
  16 yaktaurs
  2 freezing wraiths (Swamp:4)
  A kobold demonologist (D:9)
  An anaconda simulacrum (IceCv)
  2 rime drakes
  2 tengu conjurers
  4 ice devils
  2 red devils
  10 hornets
  A troll (Orc:1)
  A troll (shapeshifter) (D:14)
  10 tyrant leeches
  A polar bear (Lair:3)
  3 blink frogs
  8 dream sheep
  3 raiju (Abyss:2)
  A blink frog (shapeshifter) (D:14)
  18 slime creatures
  7 spriggans
  3 air elementals
  A ynoxinul (Abyss:2)
  A fire bat (Abyss:2)
  6 water elementals
  3 wraiths
  3 fire elementals
  2 wyverns
  26 yaks
  A warg (Orc:1)
  2 redbacks (Elf:2)
  An unseen horror simulacrum (D:8)
  2 basilisks
  8 vampire mosquitoes
  A steam dragon (D:9)
  A death yak simulacrum (IceCv)
  A chaos spawn (Abyss:2)
  A naga (shapeshifter) (D:15)
  34 nagas
  9 swamp worms
  7 water moccasins
  An acid dragon (D:12)
  3 glowing shapeshifter skeletons
  6 hydra simulacra (Swamp:4)
  6 hell hounds
  3 ice beasts (D:8)
  8 orc warriors
  A black bear (Lair:1)
  2 swamp drakes
  3 ogres
  8 laughing skulls
  2 centaurs (D:12)
  8 bullfrogs
  A gnoll sergeant (D:9)
  A two-headed ogre simulacrum (IceCv)
  5 earth elementals
  2 cane toad simulacra (IceCv)
  2 small abominations (Abyss:2)
  3 wights
  An elephant simulacrum (IceCv)
  4 electric eels
  2 howler monkeys
  8 orc priests
  A gnoll bouda (D:10)
  2 jellies (Lair:4)
  An iguana (Lair:2)
  5 orc wizards
  A spriggan simulacrum (IceCv)
  2 troll simulacra (IceCv)
  2 wolf simulacra (IceCv)
  6 gnolls
  4 naga simulacra (IceCv)
  3 white imps
  2 ufetubi
  A swamp drake simulacrum (Swamp:4)
  A ribbon worm (D:4)
  26 orcs
  A goblin (D:12)
  A kobold (D:10)
  3 butterflies
  A starspawn tentacle (Abyss:2)
978 creatures vanquished.

Vanquished Creatures (others)
  An electric golem (Zot:5)
  A death cob (Zot:2)
  A red draconian (Zot:2)
  A deep troll earth mage (Depths:3)
  2 deep elf knights (Elf:1)
  A deep elf pyromancer (D:15)
  A golden eye (Abyss:2)
  An orc warrior (Orc:2)
  70 battlemagi
  An orc wizard (Orc:1)
  2 ancestors (D:8)
  A goblin (D:3)
  A kobold zombie (Sewer)
  10 foxfires
  A lurking horror (Abyss:2)
  36 spectral weapons
  3 starspawn tentacles (Abyss:2)
134 creatures vanquished.

Grand Total: 2337 creatures vanquished

Notes
Turn   | Place    | Note
-------+----------+-------------------------------------------
     0 | D:1      | Ge0ff the Gargoyle Chaos Knight began the quest for the
                  | Orb.
     0 | D:1      | Reached XP level 1. HP: 14/14 MP: 1/1
    16 | D:1      | Fell from the grace of Xom
    95 | D:1      | Reached skill level 1 in Stealth
    98 | D:1      | Reached XP level 2. HP: 19/19 MP: 2/2
   314 | D:1      | XOM: 9-stop teleportation journey
   806 | D:1      | XOM: summons 1 hostile shadow creature
  1048 | D:1      | Found a faded altar of an unknown god.
  1077 | D:1      | Reached XP level 3. HP: 23/23 MP: 3/3
  2350 | D:2      | Got the Papyrus of Unstable Quicksand
  2897 | D:3      | Reached XP level 4. HP: 28/28 MP: 4/4
  3095 | D:3      | Found a hide-covered altar of Uskayaw.
  3097 | D:3      | Found an ancient bone altar of Kikubaaqudgha.
  3136 | D:3      | XOM: give mutations
  3136 | D:3      | Gained mutation: You have large cloven feet. [Xom's
                  | mischief]
  3136 | D:3      | Gained mutation: You are partially covered in iridescent
                  | scales. (AC +2) [Xom's mischief]
  3136 | D:3      | Gained mutation: Armour fits poorly on your strangely
                  | shaped body. [Xom's mischief]
  3179 | D:3      | XOM: stat loss: -1 Int (12/13)
  3194 | D:3      | Found a sacrificial altar of Ru.
  3258 | D:3      | Found a glowing drain.
  3261 | D:3      | XOM: give mutation
  3261 | D:3      | Gained mutation: You have hoof-like feet. [Xom's mischief]
  3268 | Sewer    | Entered a sewer
  3290 | Sewer    | XOM: 5-stop teleportation journey
  3566 | Sewer    | Noticed a kobold brigand
  3566 | Sewer    | Noticed a kobold brigand
  3572 | Sewer    | Reached XP level 5. HP: 32/32 MP: 5/5
  3584 | Sewer    | Killed a kobold brigand
  3585 | Sewer    | Reached skill level 5 in Polearms
  3585 | Sewer    | Reached skill level 1 in Dodging
  3593 | Sewer    | Killed a kobold brigand
  3594 | Sewer    | Reached XP level 6. HP: 37/39 MP: 6/6
  3738 | D:3      | XOM: torment (31/39 hp)
  3966 | D:3      | XOM: noise
  4487 | D:3      | XOM: give mutation
  4487 | D:3      | Gained mutation: You are weak. (Str -2) [Xom's mischief]
  4571 | D:3      | Noticed Robin
  4578 | D:3      | Killed Robin
  4667 | D:4      | Found a glowing silver altar of Zin.
  4715 | D:4      | Found a shadowy altar of Dithmenos.
  4746 | D:4      | Found a sparkling altar of Nemelex Xobeh.
  5273 | D:4      | XOM: chaos upgrade
  5388 | D:4      | Reached skill level 5 in Fighting
  5508 | D:4      | XOM: stat loss: -3 Dex (6/9)
  5557 | D:4      | an orc priest changed into a steam dragon
  5557 | D:4      | Noticed a steam dragon
  5558 | D:4      | Killed a steam dragon
  5559 | D:4      | Reached XP level 7. HP: 29/44 MP: 7/7
  5791 | D:4      | XOM: torment (35/44 hp)
  5907 | D:3      | XOM: summons 3 hostile shadow creatures
  6071 | D:4      | XOM: give mutations
  6071 | D:4      | Gained mutation: You are somewhat resistant to further
                  | mutation. [Xom's mischief]
  6071 | D:4      | Gained mutation: You are frail. (-10% HP) [Xom's mischief]
  6071 | D:4      | Lost mutation: You are weak. (Str -2) [Xom's mischief]
  6220 | D:4      | XOM: give mutations
  6220 | D:4      | Lost mutation: You are somewhat resistant to further
                  | mutation. [Xom's mischief]
  6220 | D:4      | Gained mutation: You passively map a small area around you.
                  | [Xom's mischief]
  6220 | D:4      | Lost mutation: You passively map a small area around you.
                  | [Xom's mischief]
  6715 | D:5      | Entered Level 5 of the Dungeon
  6722 | D:5      | Reached skill level 1 in Shields
  6757 | D:5      | XOM: 6-stop teleportation journey
  6758 | D:5      | Reached skill level 1 in Evocations
  6758 | D:5      | Reached XP level 8. HP: 44/44 MP: 8/8
  6984 | D:5      | XOM: 4-stop teleportation journey
  7083 | D:5      | XOM: summons 13 hostile demons
  7084 | D:5      | Noticed a red devil
  7084 | D:5      | Noticed an ice devil
  7438 | D:5      | XOM: torment (35/44 hp)
  8118 | D:5      | XOM: give mutations
  8118 | D:5      | Gained mutation: You are vulnerable to cold. (rC-) [Xom's
                  | mischief]
  8118 | D:5      | Gained mutation: Your large and strong wings let you fly.
                  | [Xom's mischief]
  8524 | D:5      | Found Eqiramn's Jewellery Emporium.
  8704 | D:5      | XOM: give mutations
  8704 | D:5      | Gained mutation: You are strong-willed. (Will+) [Xom's
                  | mischief]
  8704 | D:5      | Gained mutation: Your body sometimes deteriorates upon
                  | taking damage. [Xom's mischief]
  8809 | D:5      | XOM: summons 4 hostile demons
  8810 | D:5      | Noticed a soul eater
  8810 | D:5      | Noticed an ice devil
  9368 | D:5      | XOM: summons 9 hostile demons
  9368 | D:5      | Was forgiven by Xom
  9369 | D:5      | Noticed a sun demon
  9369 | D:5      | Noticed a ynoxinul
  9480 | D:4      | Found a snail-covered altar of Cheibriados.
  9652 | D:5      | Lost mutation: Your body sometimes deteriorates upon taking
                  | damage. [potion of mutation]
  9652 | D:5      | Lost mutation: You are vulnerable to cold. (rC-) [potion of
                  | mutation]
  9652 | D:5      | Lost mutation: You are partially covered in iridescent
                  | scales. (AC +2) [potion of mutation]
  9652 | D:5      | Gained mutation: You do not regenerate when monsters are
                  | visible. [potion of mutation]
  9652 | D:5      | Lost mutation: You are frail. (-10% HP) [potion of
                  | mutation]
  9652 | D:5      | Gained mutation: Your muscles are strong. (Str +4, Int/Dex
                  | -1) [potion of mutation]
  9778 | D:5      | Found a staircase to the Ecumenical Temple.
  9784 | Temple   | Entered the Ecumenical Temple
  9818 | Temple   | Became a worshipper of Hepliaklqana the Forgotten
 10175 | D:6      | Found Louran's Assorted Antiques.
 10183 | D:6      | Bought a scroll labelled ZIUSAUBBAO for 27 gold pieces
 10183 | D:6      | Bought a runed bronze wand for 108 gold pieces
 11000 | D:6      | Reached XP level 9. HP: 35/54 MP: 9/9
 11001 | D:6      | Reached skill level 5 in Shields
 11478 | D:7      | Reached * piety under Hepliaklqana
 11516 | D:7      | Noticed Joseph
 11523 | D:7      | Killed Joseph
 11725 | D:7      | Noticed Menkaure
 11725 | D:7      | Noticed Prince Ribbit
 11733 | D:7      | Killed Prince Ribbit
 11736 | D:7      | Killed Menkaure
 12180 | D:7      | Found a radiant altar of Vehumet.
 12217 | D:8      | Noticed a polar bear
 12541 | D:8      | Reached skill level 5 in Evocations
 12690 | D:8      | Killed a polar bear
 12691 | D:8      | Reached XP level 10. HP: 52/56 MP: 10/10
 13020 | D:8      | Found a shimmering blue altar of Sif Muna.
 13260 | D:7      | Reached skill level 10 in Polearms
 13892 | D:8      | Reached ** piety under Hepliaklqana
 13895 | D:8      | Remembered your ancestor Gargcestor as a battlemage
 14140 | D:8      | Reached skill level 5 in Armour
 14854 | D:8      | Found a shimmering blue altar of Sif Muna.
 15110 | D:9      | Noticed a kobold demonologist
 15115 | D:9      | Killed a kobold demonologist
 15256 | D:9      | Reached XP level 11. HP: 62/62 MP: 11/11
 15446 | D:9      | Found a basalt altar of Yredelemnul.
 15458 | D:9      | Found Guetoun's Book Shoppe.
 16256 | D:10     | Entered Level 10 of the Dungeon
 16429 | D:10     | Found a broken altar of Ashenzari.
 16515 | D:10     | Noticed a deep elf pyromancer
 16532 | D:10     | Killed a deep elf pyromancer
 16665 | D:10     | Found an ornate altar of the Wu Jian Council.
 16679 | D:10     | Reached *** piety under Hepliaklqana
 17296 | D:11     | Noticed Erolcha
 17300 | D:11     | Noticed a two-headed ogre
 17305 | D:11     | Killed a two-headed ogre
 17305 | D:11     | Killed Erolcha
 17522 | D:11     | Found Ticobug's Weapon Boutique.
 17776 | D:11     | Reached skill level 10 in Fighting
 17784 | D:11     | Found a staircase to the Lair.
 18463 | Lair:1   | Entered Level 1 of the Lair of Beasts
 18471 | Lair:1   | Reached XP level 12. HP: 70/70 MP: 12/12
 18832 | Lair:1   | Noticed Nergalle
 18840 | Lair:1   | Killed Nergalle
 18910 | Lair:1   | Found a frozen archway.
 18942 | IceCv    | Entered an ice cave
 19072 | IceCv    | Reached **** piety under Hepliaklqana
 20060 | IceCv    | Noticed a reaper
 20075 | IceCv    | Reached skill level 10 in Armour
 20082 | IceCv    | Killed a reaper
 20255 | Lair:1   | Identified a scroll of acquirement
 20255 | Lair:1   | Acquired an amulet of reflection
 20718 | Lair:1   | Lost mutation: Armour fits poorly on your strangely shaped
                  | body. [potion of mutation]
 20718 | Lair:1   | Lost mutation: Your large and strong wings let you fly.
                  | [potion of mutation]
 20718 | Lair:1   | Gained mutation: You occasionally lose the ability to drink
                  | potions when taking damage. [potion of mutation]
 20719 | Lair:1   | Lost mutation: Your muscles are strong. (Str +4, Int/Dex
                  | -1) [potion of mutation]
 20719 | Lair:1   | Lost mutation: You occasionally lose the ability to drink
                  | potions when taking damage. [potion of mutation]
 20719 | Lair:1   | Lost mutation: You have hoof-like feet. [potion of
                  | mutation]
 20719 | Lair:1   | Gained mutation: You are weak. (Str -2) [potion of
                  | mutation]
 20719 | Lair:1   | Gained mutation: Armour fits poorly on your strangely
                  | shaped body. [potion of mutation]
 20719 | Lair:1   | Gained mutation: You have supernaturally acute eyesight.
                  | (SInv) [potion of mutation]
 20720 | Lair:1   | Lost mutation: Armour fits poorly on your strangely shaped
                  | body. [potion of mutation]
 20720 | Lair:1   | Lost mutation: You are strong-willed. (Will+) [potion of
                  | mutation]
 20720 | Lair:1   | Lost mutation: You have supernaturally acute eyesight.
                  | (SInv) [potion of mutation]
 20720 | Lair:1   | Gained mutation: You have a pair of small antennae on your
                  | head. [potion of mutation]
 20720 | Lair:1   | Gained mutation: You are frail. (-10% HP) [potion of
                  | mutation]
 20720 | Lair:1   | Gained mutation: You have a pair of antennae on your head.
                  | [potion of mutation]
 20721 | Lair:1   | Lost mutation: You do not regenerate when monsters are
                  | visible. [potion of mutation]
 20721 | Lair:1   | Lost mutation: You are weak. (Str -2) [potion of mutation]
 20721 | Lair:1   | Lost mutation: You have a pair of antennae on your head.
                  | [potion of mutation]
 20722 | Lair:1   | Lost mutation: You are frail. (-10% HP) [potion of
                  | mutation]
 20722 | Lair:1   | Lost mutation: You have a pair of small antennae on your
                  | head. [potion of mutation]
 20722 | Lair:1   | Gained mutation: You are clumsy. (Dex -2) [potion of
                  | mutation]
 20722 | Lair:1   | Gained mutation: You possess an exceptional clarity of
                  | mind. [potion of mutation]
 20797 | Lair:2   | Reached XP level 13. HP: 77/77 MP: 13/13
 20811 | Lair:2   | Found a staircase to the Swamp.
 22285 | Lair:3   | You fall into a shaft and drop 2 floors!
 22285 | Lair:5   | Entered Level 5 of the Lair of Beasts
 22331 | Lair:5   | Reached skill level 15 in Fighting
 22362 | Lair:5   | Gained mutation: Your large and strong wings let you fly.
                  | [Gargoyle growth]
 22362 | Lair:5   | Reached XP level 14. HP: 70/88 MP: 14/14
 22384 | Lair:5   | Reached skill level 1 in Invocations
 22445 | Lair:5   | Reached skill level 1 in Throwing
 22452 | Lair:5   | Reached ***** piety under Hepliaklqana
 22626 | Lair:4   | Found a transporter.
 22665 | Lair:4   | Found a transporter.
 22888 | Lair:5   | Found a burning altar of Makhleb.
 22966 | Lair:5   | Found a gateway to Hell.
 22968 | Lair:5   | Got an earthy gem with 841 turns to spare
 23875 | Lair:4   | Reached skill level 5 in Dodging
 24167 | Lair:4   | Found a staircase to the Slime Pits.
 24167 | Lair:4   | Found a viscous altar of Jiyva.
 24485 | Lair:4   | Identified the +5 mace of Articulation {pain, ^Fragile
                  | rF+++ Str+2}
 24488 | Lair:4   | Identified the +1 hat of Light {Int+3}
 24747 | Lair:3   | Found a staircase to the Snake Pit.
 25509 | D:12     | Found an iron altar of Okawaru.
 25795 | D:12     | Reached XP level 15. HP: 93/93 MP: 18/18
 25812 | D:12     | Found a staircase to the Orcish Mines.
 26327 | Orc:1    | Entered Level 1 of the Orcish Mines
 26561 | Orc:1    | Upgraded the game from 0.32-a0-918-g0f22ef8d61 to
                  | 0.32-a0-921-g04a7ad8e02
 26760 | Orc:1    | Reached ****** piety under Hepliaklqana
 26915 | Orc:2    | Entered Level 2 of the Orcish Mines
 27170 | Orc:2    | Found Xaddos's Jewellery Shop.
 27231 | Orc:2    | Reached skill level 5 in Invocations
 27340 | Orc:2    | Found Wyalifua's General Store.
 27353 | Orc:2    | Bought a scroll of blinking for 135 gold pieces
 27372 | Orc:2    | Found a staircase to the Elven Halls.
 27682 | Orc:2    | Found Loabeg's Antique Armour Boutique.
 27711 | Orc:2    | Found Tatave's Antique Weapon Shop.
 27906 | Orc:2    | Bought the ring of the Hare {EV+10} for 1664 gold pieces
 27906 | Orc:2    | Found the ring of the Hare {EV+10}
 28218 | D:13     | Found Kemyhung's Magic Scroll Shoppe.
 28233 | D:13     | Bought a scroll of identify for 34 gold pieces
 28668 | D:13     | Reached skill level 5 in Throwing
 29408 | D:14     | Found a gate to the Vaults.
 30272 | D:15     | Entered Level 15 of the Dungeon
 30356 | D:15     | Reached XP level 16. HP: 99/100 MP: 20/20
 31077 | D:15     | Found a staircase to the Depths.
 31278 | Snake:1  | Entered Level 1 of the Snake Pit
 31439 | Snake:1  | Identified the serpent talisman of Free Will {*Slow rF+
                  | Slay+6 SInv}
 31439 | Snake:1  | Noticed Aizul
 31489 | Lair:3   | Killed Aizul
 32214 | Snake:1  | Found a sacrificial altar of Ru.
 32878 | Snake:2  | Reached XP level 17. HP: 96/109 MP: 22/22
 32999 | Snake:2  | Found Doqenux's Magic Scroll Emporium.
 33008 | Snake:2  | Found Niaro's Distillery.
 33008 | Snake:2  | Found Viodab's Distillery.
 33014 | Snake:2  | Found Cexem's Weapon Shoppe.
 33041 | Snake:2  | Bought a potion of attraction for 39 gold pieces
 33233 | Snake:3  | Found Zibb's Specific Store.
 33308 | Snake:3  | Found Ejier's General Store.
 34755 | Snake:4  | Entered Level 4 of the Snake Pit
 34955 | Snake:4  | Found a hazy altar of Hepliaklqana.
 35364 | Snake:4  | Reached skill level 10 in Invocations
 35366 | Snake:4  | Found a runed translucent gate.
 35366 | Snake:4  | Found a runed translucent gate.
 35370 | Snake:4  | Noticed Konar's ghost (adept CoHu)
 35371 | Snake:4  | Found a runed translucent gate.
 35390 | Snake:4  | Killed Konar's ghost
 35603 | Snake:4  | Reached XP level 18. HP: 117/117 MP: 20/25
 36269 | Snake:4  | Got a serpentine rune of Zot
 36507 | Swamp:1  | Entered Level 1 of the Swamp
 36530 | Swamp:1  | Identified the +1 robe of the Snail {Will- Slay+2 SInv
                  | Archmagi}
 36608 | Swamp:1  | Reached skill level 15 in Armour
 36698 | Swamp:1  | You are sucked into a shaft and drop 1 floor!
 36698 | Swamp:2  | Found a transporter.
 36708 | Swamp:2  | Noticed Silenth's ghost (adept KoHu)
 36968 | Swamp:2  | Reached XP level 19. HP: 125/125 MP: 27/27
 37477 | Swamp:2  | Found a transporter.
 38114 | Orc:2    | Bought a phantom mirror for 720 gold pieces
 38665 | Swamp:3  | Noticed Bai Suzhen
 38669 | Swamp:3  | Identified the amulet of Poacroos {Spirit *Slow +Blink rN+
                  | Int+3}
 38670 | Swamp:3  | Noticed Donald
 38684 | Swamp:3  | Killed Donald
 38688 | Swamp:3  | Killed Bai Suzhen
 39103 | Swamp:3  | Reached XP level 20. HP: 129/130 MP: 29/29
 39419 | Swamp:2  | Killed Silenth's ghost
 39423 | Swamp:2  | Identified the +3 cloak "Saplat" {rElec Str+3}
 39444 | Swamp:2  | Identified the +6 orcbow "Geyx" {speed, rF- rN++ Str+3}
 39493 | Swamp:4  | Entered Level 4 of the Swamp
 40529 | Swamp:4  | Got a decaying rune of Zot
 40674 | Snake:3  | Bought a +2 ring mail of willpower for 252 gold pieces
 40863 | Elf:1    | Entered Level 1 of the Elven Halls
 41040 | Elf:1    | Paralysed by an air elemental for 1 turns
 41064 | Elf:1    | Found a stormy altar of Qazlal.
 42175 | Elf:2    | Noticed a Tzitzimitl
 42237 | Abyss:2  | Cast into level 2 of the Abyss (a deep elf demonologist)
 42333 | Abyss:2  | Learned a level 3 spell: Passwall
 42433 | Abyss:2  | Reached skill level 1 in Earth Magic
 42436 | Abyss:2  | Reached skill level 10 in Evocations
 42437 | Abyss:2  | Reached skill level 1 in Spellcasting
 42842 | Abyss:2  | Noticed a hellephant
 42849 | Abyss:2  | Killed a hellephant
 42852 | Elf:2    | Escaped the Abyss
 42902 | Elf:2    | Found a huge runed translucent gate.
 42902 | Elf:2    | Found a huge runed translucent gate.
 42902 | Elf:2    | Found a huge runed translucent gate.
 42904 | Elf:2    | Found a huge runed translucent gate.
 42905 | Elf:2    | Found a huge runed translucent gate.
 42907 | Elf:2    | Noticed Azrael
 42981 | Elf:2    | Reached skill level 15 in Invocations
 42984 | Elf:2    | Reached XP level 21. HP: 135/135 MP: 32/32
 43133 | Elf:2    | Noticed Asterion
 43141 | Elf:2    | Killed Asterion
 43381 | Elf:2    | Noticed Agnes
 43396 | Elf:2    | Killed Agnes
 44437 | Elf:2    | Reached skill level 5 in Earth Magic
 44476 | Elf:2    | Killed Azrael
 45001 | Elf:3    | Entered Level 3 of the Elven Halls
 45115 | Elf:3    | Found Nadwoeph's Armour Emporium.
 45162 | Elf:3    | Found Ylugasy's Weapon Shoppe.
 45322 | Elf:3    | Noticed Roxanne
 45340 | Elf:3    | Killed Roxanne
 45349 | Elf:3    | Found Zeuclugae's Jewellery Emporium.
 45552 | Elf:3    | Found Puresel's Assorted Antiques.
 45778 | Elf:3    | Paralysed by an air elemental for 1 turns
 45788 | Elf:3    | Reached skill level 10 in Dodging
 46398 | Elf:3    | Identified the ring of Wonedu {MP+9 Int+3 Stlth+}
 46431 | Elf:3    | Reached skill level 10 in Shields
 46459 | Elf:3    | Reached skill level 5 in Spellcasting
 46994 | Elf:3    | Identified the ring "Ucejiri" {Wiz rPois rC- Str+3 Slay+5}
 47023 | Elf:3    | Identified the +11 gold dragon scales "Luhooq" {rPois rF+
                  | rC+ Will- rCorr Int+3 Dex+2}
 47217 | Elf:3    | Identified the ring of Ywkin {rCorr Dex+6 Slay+3}
 47227 | Elf:3    | Identified the storm talisman of Linavo {Will+}
 47233 | Elf:3    | Got the Octavo of Shivering Death
 47239 | Elf:3    | Identified the ring "Caduidgh" {rC+ rN+ Will- Dex+3 Slay+6}
 47265 | Elf:3    | Identified the staff of Fuifup Tuist {rF+ rN+ Necro}
 47270 | Elf:3    | Identified the staff "Uggepram" {rPois rN+ Alchemy}
 47696 | Vaults:1 | Entered Level 1 of the Vaults
 47819 | Vaults:1 | Reached XP level 22. HP: 140/140 MP: 33/33
 48952 | Elf:3    | Bought the ring of Dishonesty {rF+ rC+ Will+ Slay+2} for
                  | 795 gold pieces
 49329 | Vaults:2 | Found a magical portal.
 49339 | WizLab   | Entered Borgnjor's Mausoleum
 49894 | WizLab   | Got Borgnjor's Writings on the Tomb
 50130 | Vaults:2 | Reached skill level 10 in Earth Magic
 50555 | Vaults:2 | Noticed a golden dragon
 50566 | Vaults:2 | Killed a golden dragon
 51292 | Vaults:2 | Reached XP level 23. HP: 145/145 MP: 35/35
 51840 | Vaults:2 | Got Qitorugi's Treatise on Mutated Air
 52264 | Vaults:3 | Found a staircase to the Crypt.
 52264 | Vaults:3 | Found a basalt altar of Yredelemnul.
 52264 | Vaults:3 | Found an ancient bone altar of Kikubaaqudgha.
 53561 | Vaults:4 | Found a runed translucent gate.
 53561 | Vaults:4 | Found a runed translucent gate.
 53561 | Vaults:4 | Found a runed translucent gate.
 54243 | Vaults:4 | Found a glowing golden altar of the Shining One.
 54570 | Depths:1 | Entered Level 1 of the Depths
 54571 | Depths:1 | Identified the +1 broad axe of Qazlal's Felicitations
                  | {freeze, Will+ Stlth+}
 54894 | Depths:1 | Noticed Saint Roka
 54908 | Depths:1 | Killed Saint Roka
 55092 | Depths:1 | Found a sacrificial altar of Ru.
 55366 | Depths:1 | Reached XP level 24. HP: 151/151 MP: 36/36
 55376 | Depths:1 | Found a corrupted altar of Lugonu.
 55376 | Depths:1 | Found a one-way gate to the infinite horrors of the Abyss.
 55516 | Depths:1 | Identified the +6 mace of Lurcheef {spect, rN+ Str-4 Int+3}
 55924 | Depths:2 | Found an ornate altar of the Wu Jian Council.
 56010 | Depths:2 | Noticed a juggernaut
 56023 | Depths:2 | Killed a juggernaut
 56532 | Depths:2 | Found a one-way gateway to a ziggurat.
 56545 | Depths:2 | Reached skill level 15 in Dodging
 56656 | Depths:2 | Found a one-way gate leading to the halls of Pandemonium.
 58253 | Depths:3 | Found a radiant altar of Vehumet.
 58254 | Depths:3 | Identified the +6 leather armour of Heixosiq {^Drain rC+
                  | Dex+4}
 58422 | Depths:3 | Reached skill level 15 in Shields
 58522 | Depths:3 | Reached skill level 10 in Spellcasting
 59063 | Depths:3 | Reached XP level 25. HP: 123/155 MP: 37/37
 59097 | Depths:3 | Noticed a juggernaut
 59119 | Depths:3 | Killed a juggernaut
 59178 | Depths:3 | Identified the +7 triple crossbow of the Destroying Gods
                  | {drain, rC+ rN+}
 59280 | Depths:4 | Entered Level 4 of the Depths
 59787 | Depths:4 | Found a gate to the Realm of Zot.
 59848 | Depths:4 | Found Mercheebe's Armour Emporium.
 59852 | Depths:4 | Found Hihur's General Store.
 59871 | Depths:4 | Bought a potion of might for 48 gold pieces
 59871 | Depths:4 | Bought a potion of curing for 36 gold pieces
 59871 | Depths:4 | Bought a scroll of fog for 48 gold pieces
 60379 | Elf:3    | Bought a +2 pair of boots of rampaging for 430 gold pieces
 60680 | Vaults:5 | Entered Level 5 of the Vaults
 60738 | Vaults:5 | Identified the +5 lajatang of Cirorash {drain, ^Drain rElec
                  | Int+3}
 60738 | Vaults:5 | Identified the ring "Ikhlua Xedeeng" {rPois rF- Str+2 Dex+6
                  | Stlth+}
 60880 | Vaults:5 | Noticed a dread lich
 60893 | Vaults:5 | Killed a dread lich
 61266 | Vaults:5 | Noticed an ancient lich
 61272 | Vaults:5 | Killed an ancient lich
 61485 | Vaults:5 | Identified the +1 helmet "Dyida" {rF++}
 61681 | Vaults:5 | Reached XP level 26. HP: 120/161 MP: 38/38
 61989 | Vaults:5 | Got a silver rune of Zot
 62002 | Vaults:5 | Identified the staff "Deuriuj" {Will++ Earth}
 62134 | Vaults:5 | Identified the ring of the Country {+Blink rC+ Slay+4}
 62925 | Elf:3    | Bought a scroll of butterflies for 108 gold pieces
 62925 | Elf:3    | Bought a potion of haste for 270 gold pieces
 62925 | Elf:3    | Bought a potion of invisibility for 216 gold pieces
 62925 | Elf:3    | Bought a scroll of fog for 108 gold pieces
 63206 | Snake:2  | Bought a potion of heal wounds for 65 gold pieces
 63206 | Snake:2  | Bought 2 potions of haste for 260 gold pieces
 63206 | Snake:2  | Bought a potion of ambrosia for 104 gold pieces
 63206 | Snake:2  | Bought a potion of mutation for 104 gold pieces
 63206 | Snake:2  | Bought 2 potions of enlightenment for 130 gold pieces
 63206 | Snake:2  | Bought a potion of curing for 39 gold pieces
 63206 | Snake:2  | Bought a potion of might for 52 gold pieces
 63213 | Snake:2  | Bought a potion of brilliance for 72 gold pieces
 63213 | Snake:2  | Bought a potion of haste for 180 gold pieces
 63213 | Snake:2  | Bought a potion of curing for 54 gold pieces
 63213 | Snake:2  | Bought a potion of mutation for 144 gold pieces
 63213 | Snake:2  | Bought a potion of might for 72 gold pieces
 63213 | Snake:2  | Bought a potion of curing for 54 gold pieces
 63213 | Snake:2  | Bought 2 potions of haste for 360 gold pieces
 63426 | D:6      | Bought a potion of enlightenment for 135 gold pieces
 63601 | D:13     | Bought a scroll of immolation for 68 gold pieces
 63601 | D:13     | Bought a scroll of teleportation for 51 gold pieces
 63601 | D:13     | Bought a scroll of vulnerability for 68 gold pieces
 63601 | D:13     | Bought a scroll of immolation for 68 gold pieces
 63601 | D:13     | Bought a scroll of vulnerability for 68 gold pieces
 63735 | Snake:3  | Bought a potion of enlightenment for 60 gold pieces
 63735 | Snake:3  | Bought a potion of mutation for 96 gold pieces
 63773 | Snake:2  | Bought a scroll of fear for 64 gold pieces
 64099 | Zot:1    | Entered Level 1 of the Realm of Zot
 64994 | Zot:2    | Found the +4 dragonskin cloak {Aegis}
 64994 | Zot:2    | Noticed Tiamat
 65051 | Zot:2    | Killed Tiamat
 65401 | Zot:2    | Identified the +4 war axe "Koskuale" {venom, ^Drain rElec
                  | rCorr}
 65411 | Zot:2    | Noticed a dread lich
 65429 | Zot:2    | Killed a dread lich
 65435 | Zot:2    | Noticed a dread lich
 65443 | Zot:2    | Killed a dread lich
 65477 | Zot:2    | Found a candlelit altar of Ignis.
 65477 | Zot:2    | Identified the +4 falchion of Harmony {elec, rN+ MP+9}
 65968 | Zot:3    | Reached XP level 27. HP: 165/165 MP: 38/38
 66752 | Zot:5    | Entered Level 5 of the Realm of Zot
 67352 | Zot:5    | Noticed an orb of fire
 67363 | Zot:5    | Killed an orb of fire
 67375 | Zot:5    | Reached skill level 15 in Evocations
 67377 | Zot:5    | Noticed an orb of fire
 67379 | Zot:5    | Noticed an ancient lich
 67384 | Zot:5    | Killed an orb of fire
 67388 | Zot:5    | Killed an ancient lich
 67476 | Zot:5    | Noticed a dread lich
 67486 | Zot:5    | Killed a dread lich
 67497 | Zot:5    | Noticed a dread lich
 67506 | Zot:5    | Killed a dread lich
 67780 | Zot:5    | Noticed an ancient lich
 67788 | Zot:5    | Killed an ancient lich
 67830 | Zot:5    | Got the Orb of Zot
 67981 | Zot:2    | Lost mutation: You are clumsy. (Dex -2) [potion of
                  | mutation]
 67981 | Zot:2    | Lost mutation: You have large cloven feet. [potion of
                  | mutation]
 67981 | Zot:2    | Gained mutation: You passively dampen the noise of your
                  | surroundings. [potion of mutation]
 67981 | Zot:2    | Gained mutation: Your muscles are strong. (Str +4, Int/Dex
                  | -1) [potion of mutation]
 68647 | D:$      | Escaped with the Orb!

Illustrated notes

Levels and vault maps discovered:
D:1:      minmay_arrival_checkered_box, layout_loops_corners,
          hellmonk_ecumenical_altar_run_dry, nicolae_the_louvre
D:2:      layout_basic
D:3:      kennysheep_goblin_castle, layout_basic, mainiacjoe_overflow_paths,
          mainiacjoe_overflow_catwalk_spiral, portal_sewer_entry_b,
          kennysheep_minor_cross, minmay_quantized
D:4:      layout_loops_ring, mainiacjoe_overflow_boulevard,
          nicolae_overflow_crystal_walls, mainiacjoe_overflow_brackets,
          nicolae_overflow_hidden_temple, lightli_minifort
D:5:      layout_basic, minmay_temple_entry_fiery, serial_shops,
          nicolae_shop_gaudy_bauble
D:6:      layout_basic, serial_shops, nicolae_square_shop, hex_tiny
D:7:      layout_loops_ring, kennysheep_mini, uniq_joseph, uniq_menkaure,
          uniq_prince_ribbit1
D:8:      layout_cave_pools, mainiacjoe_overflow_24_doors, serial_ice,
          serial_ice_b, serial_ice_h, serial_ice_e, serial_ice_n, serial_ice_j,
          serial_bayou_pond_a, chequers_arboretum, nrook_uturn,
          grunt_ministairs_8
D:9:      layout_roguey, old_standard_altar, serial_shops, nicolae_diamond_shop,
          chequers_serial_rivers_room_b
D:10:     layout_roguey, ashenzari_conservatory_becter, old_standard_altar,
          small_statue_alley_a
D:11:     layout_basic, minmay_lair_entry_grove, serial_shops,
          nicolae_shop_getting_attention, uniq_erolcha
D:12:     layout_irregular_city, david_orc_2, kennysheep_okawaru_gauntlet
D:13:     kennysheep_blocky_room, layout_long_grid, serial_shops, shop,
          st_stairs_11
D:14:     layout_irregular_city, skrybe_vaults_entry_preservation
D:15:     grunt_enter_depths_magical_seal, layout_irregular_city
Temple:   jpeg_temple_alley_garden
Lair:1:   layout_chaotic_city, portal_ice_cave_demonic_guard,
          grunt_megastairs_1, uniq_nergalle
Lair:2:   nzn_winding_woodlands_medium [nzn_winding_woodlands_5x5_default,
          nzn_winding_woodlands_5x15_twine, nzn_winding_woodlands_hourglass,
          nzn_winding_woodlands_5x5_cross, nzn_winding_woodlands_center_lodge,
          nzn_winding_woodlands_5x5_three, nzn_winding_woodlands_5x5_open_star,
          nzn_winding_woodlands_5x15_cabin,
          nzn_winding_woodlands_5x5_perimeter], layout_regular_city,
          minmay_swamp_entry_reptiles, lemuel_fruit_fields
Lair:3:   layout_cave_pods, guppyfry_snake_entry_island, serial_bayou_shore_a
Lair:4:   gammafunk_cloud_chamber, layout_hall_layers,
          minmay_slime_entry_pillars, beast_lair_carwin_5
Lair:5:   evil_forest, layout_gridlike, chequers_serial_rivers_micro_d,
          lemuel_fruit_fields, infiniplex_staircase_pool
Swamp:1:  layout_basic_swamp, evilmike_swamp_ruin_house_6,
          nicolae_swamp_decorative_isthmus
Swamp:2:  layout_falls_marsh, gammafunk_ghost_berserking_beasts,
          hangedman_swamp_ruin_hall, swamp_pool_1_2
Swamp:3:  cheibrodos_swamp_heart_of_darkness, layout_falls_marsh,
          evilmike_swamp_ruin_house_1, swamp_pool_1_2, uniq_donald,
          uniq_bai_suzhen
Swamp:4:  swamp_icy, layout_basic_swamp, nicolae_swamp_tree_isthmus
Snake:1:  layout_onion_interference, basic_altar, lemuel_fruit_tree, uniq_aizul
Snake:2:  layout_rooms, minmay_shoptagon
Snake:3:  layout_honeycomb, grunt_ministairs_11, nicolae_specific_store,
          serial_bayou_shore_b, nicolae_triple_integral
Snake:4:  snake_pit_salamanders_mu, layout_layer_cave,
          ebering_ghost_rock_garden, basic_altar
Orc:1:    layout_diamond_mine
Orc:2:    grunt_orc_gardens, layout_caves, grunt_orc_garden, grunt_orc_garden,
          grunt_orc_garden, grunt_orc_garden
Elf:1:    nicolae_elf_arrival_no_cutting_in_line, layout_loops_corners,
          nicolae_elf_altarnating
Elf:2:    elven_hall_of_blades_hangedman_alternative
          [nicolae_blade_entry_antechamber], layout_loops_cross, drop_trap,
          library_closet, uniq_agnes, uniq_azrael, uniq_asterion
Elf:3:    minmay_elf_hall_four_x, layout_gridlike, serial_shops, shop, shop,
          shop, shop, uniq_roxanne
Vaults:1: nicolae_vaults_puzzle_piece, v_misc_26, v_rooms_1,
          grunt_vaults_hallway_long, hangedman_vaults_locks,
          nicolae_vaults_little_squares_2, v_rooms_4, layout_vaults_omnigrid
Vaults:2: mu_enter_wizlab_6, ontoclasm_vaults_eye, dpeg_vaults_waves,
          ontoclasm_vaults_idyll, nicolae_vaults_windows_and_doors_thing,
          hangedman_vaults_corner_blocks, hangedman_vaults_hat,
          nicolae_vaults_tetromino_L_1, v_misc_29,
          nicolae_vaults_closet_pinwheel_4, ontoclasm_vaults_ring_small,
          layout_vaults_omnicross
Vaults:3: grunt_vaults_swirl, nicolae_vaults_stairing_the_circle,
          nicolae_vaults_house_1, nicolae_vaults_tetromino_Z_1, v_misc_11,
          nicolae_vaults_offset_grid_hallway_4, minmay_crypt_entry_necro_gods,
          nicolae_vaults_variable_pillar_hall,
          nicolae_vaults_offset_grid_hallway_2, nicolae_vaults_little_squares_5,
          v_misc_25, nicolae_vaults_closet_pinwheel_6,
          nicolae_vaults_oval_intersection, v_misc_2, layout_vaults_ring
Vaults:4: vaults_mumra_minichess, nicolae_vaults_closet_pinwheel_3,
          hangedman_vaults_pinch, ontoclasm_vaults_claustrophobia, v_misc_15,
          nicolae_vaults_tetromino_T_2, vaults_room_large_hall, v_misc_3,
          nicolae_vaults_big_ls, abrahamwl_protected_by_tso_2,
          nicolae_vaults_sealed_display, nicolae_vaults_double_plus_2,
          layout_vaults_maze
Vaults:5
Depths:1: layout_gridville, hellmouth_2, roderic_roman_lattice,
          abyss_entry_flame_altar, hangedman_abyss_or_decor_stagger,
          minmay_misc_feat_square, nicolae_ru_awakened_eye, uniq_saint_roka
Depths:2: hourglass_vault, layout_gridlike, enter_ziggurat_d, abyss_entry,
          serial_corexii_hall, corexii_hall_statues_i, corexii_hall_statues_x,
          nicolae_wu_jian_wuxing_cycle, pan_entry, hell_entry,
          fake_guardian_serpent_vault
Depths:3: lemuel_traditional_vault, layout_gridlike, vehumet_crystals,
          serial_curves, eino_curves_01, eino_curves_04, pan_entry,
          hangedman_abyss_entry_splay, grunt_hell_entry_dis_grunt
Depths:4: evilmike_zot_entry_hall, layout_cave_shapes, hell_entry,
          minmay_misc_feat_hallway, minmay_shop_star
Zot:1:    layout_misc_corridors, hangedman_zot_gyre
Zot:2:    regret_index_infernal_bastille, layout_twisted_circle, st_stairs_6,
          uniq_tiamat
Zot:3:    layout_cellular_growth
Zot:4:    layout_basic, grunt_ministairs_8, not_door_vault_due
Zot:5:    layout_twisted_circle

Skill      XL: |  1  2  3  4  5  6  7  8  9 10 11 12 13 14 15 16 17 18 19 20 21 22 23 24 25 26 27 |
---------------+----------------------------------------------------------------------------------+-----
Stealth        | 1 2 |  2.0
Polearms       | 3 4 5 6 7 8 9 11 12 14 | 14.0
Dodging        | 1 3 4 5 6 7 9 11 12 14 15 18 20 | 20.4
Fighting       | 4 5 7 8 10 12 15 17 19 20 21 22 | 22.0
Shields        | 1 4 5 6 7 9 10 12 13 15 | 15.0
Evocations     | 1 3 5 6 7 8 10 11 12 14 16 | 16.2
Armour         | 3 5 8 10 11 12 14 15 16 17 18 20 | 20.0
Invocations    | 4 6 7 10 11 13 15 16 17 20 22 | 22.1
Throwing       | 3 5 6 |  6.0
Earth Magic    | 3 8 10 12 | 12.0
Spellcasting   | 2 5 7 9 10 | 10.0

Action                     |  1- 3 |  4- 6 |  7- 9 | 10-12 | 13-15 | 16-18 | 19-21 | 22-24 | 25-27 || total
---------------------------+-------+-------+-------+-------+-------+-------+-------+-------+-------++-------
  Melee: Spear             |   116 |   261 |   339 |   523 |  1082 |    86 |       |       |       ||  2407
         Kick              |       |    46 |    61 |   151 |   403 |   242 |   119 |       |       ||  1022
         Trident           |       |       |       |       |       |   762 |   756 |  1033 |       ||  2551
         Demon trident     |       |       |       |       |       |       |       |   161 |  1031 ||  1192
  Throw: Stone             |     6 |    15 |    28 |    27 |    50 |       |       |       |       ||   126
         Dart              |       |       |     7 |     1 |       |       |       |       |     4 ||    12
         Throwing net      |       |       |       |     1 |     3 |       |       |       |     4 ||     8
         Boomerang         |       |       |       |       |       |    58 |    98 |    18 |    18 ||   192
         Javelin           |       |       |       |       |       |       |       |       |     5 ||     5
 Invoke: Renounce Religion |     1 |       |       |       |       |       |       |       |       ||     1
         Recall Ancestor   |       |       |     3 |    20 |     5 |     4 |     4 |     4 |     7 ||    47
         Ancestor Identity |       |       |     1 |       |       |       |       |       |       ||     1
         Ancestor Life: Ba |       |       |       |     1 |       |       |       |       |       ||     1
         Idealise          |       |       |       |     1 |     1 |    15 |    13 |     9 |     9 ||    48
  Evoke: Wand              |       |       |    12 |    40 |    19 |     6 |    17 |     4 |    31 ||   129
         Tin of tremorston |       |       |       |       |     4 |     5 |     6 |     7 |     7 ||    29
         Lightning rod     |       |       |       |       |       |     7 |    19 |    19 |    16 ||    61
         Phial of floods   |       |       |       |       |       |       |     3 |     4 |     2 ||     9
         Sack of spiders   |       |       |       |       |       |       |     4 |     5 |     5 ||    14
         Phantom mirror    |       |       |       |       |       |       |     4 |     5 |     4 ||    13
    Use: Scroll            |     4 |     4 |     6 |     6 |    14 |     8 |    13 |    19 |    13 ||    87
         Potion            |       |     1 |     5 |     7 |     1 |     1 |     3 |     2 |    20 ||    40
   Stab: Sleeping          |     5 |       |     3 |       |       |     1 |       |       |       ||     9
         Paralysed         |       |     2 |       |       |       |       |       |       |       ||     2
         Confused          |       |     2 |       |     1 |     1 |       |       |       |       ||     4
         Petrified         |       |       |     4 |       |     1 |       |       |       |       ||     5
         Distracted        |       |       |     2 |     6 |    14 |    18 |    16 |    33 |    41 ||   130
         Held in net/web   |       |       |       |       |     2 |       |     1 |       |     2 ||     5
         Betrayed ally     |       |       |       |       |     1 |       |       |       |       ||     1
         Petrifying        |       |       |       |       |     2 |       |       |       |       ||     2
         Invisible         |       |       |       |       |       |       |       |       |     4 ||     4
 Armour: Leather armour    |    53 |   101 |   126 |       |       |       |       |       |       ||   280
         Pearl dragon scal |       |       |    13 |   179 |   367 |   342 |    82 |       |       ||   983
         Quicksilver drago |       |       |       |       |       |       |   125 |       |       ||   125
         Ring mail         |       |       |       |       |       |       |    40 |       |       ||    40
         Gold dragon scale |       |       |       |       |       |       |    36 |   600 |   434 ||  1070
  Dodge: Dodged            |    38 |    67 |    80 |    80 |   218 |   328 |   255 |   500 |   294 ||  1860
  Block: Buckler           |       |       |    21 |    47 |   302 |   320 |    36 |       |       ||   726
         Reflection        |       |       |       |       |    20 |    64 |    49 |    79 |    17 ||   229
         Kite shield       |       |       |       |       |       |       |   375 |   796 |   420 ||  1591

Table legend: (Time is in decaauts)
 A = Elapsed time spent in this place.
 B = Non-inter-level travel time spent in this place.
 C = Inter-level travel time spent in this place.
 D = Time resting spent in this place.
 E = Time spent auto-exploring this place.
 F = Levels seen in this place.
 G = Mean time per level.
                   A        B        C        D        E       F      G
               +--------+--------+--------+--------+--------+-----+--------+
         Total |  66718 |  57440 |   9278 |   8687 |  31588 |  52 | 1283.0 |
       Dungeon |  24540 |  20971 |   3569 |   4494 |  12319 |  15 | 1636.0 |
        Temple |     67 |      4 |     63 |      0 |      0 |   1 |   67.0 |
          Lair |   6123 |   5475 |    648 |    307 |   3248 |   5 | 1224.6 |
         Swamp |   3796 |   3462 |    334 |    425 |   2072 |   4 |  949.0 |
     Snake Pit |   4840 |   4211 |    629 |    426 |   2316 |   4 | 1210.0 |
  Orcish Mines |   2128 |   1327 |    801 |     51 |    919 |   2 | 1064.0 |
   Elven Halls |   6467 |   4937 |   1530 |    656 |   2743 |   3 | 2155.7 |
        Vaults |   7119 |   6292 |    827 |    402 |   3736 |   5 | 1423.8 |
        Depths |   5118 |   4539 |    579 |    217 |   2813 |   4 | 1279.5 |
           Zot |   3658 |   3363 |    295 |    685 |    993 |   5 |  731.6 |
         Abyss |    588 |    588 |      0 |    254 |      0 |   1 |  588.0 |
         Sewer |    410 |    410 |      0 |     16 |    233 |   1 |  410.0 |
      Ice Cave |   1274 |   1274 |      0 |    617 |    115 |   1 | 1274.0 |
        Wizlab |    585 |    585 |      0 |    133 |     79 |   1 |  585.0 |
               +--------+--------+--------+--------+--------+-----+--------+

Top non-repeatable levels by time:
     D:5: 2991 daAuts
   Elf:3: 2604 daAuts
     D:8: 2329 daAuts
     D:4: 2066 daAuts
   Elf:1: 1994 daAuts
   Elf:2: 1868 daAuts
Vaults:5: 1832 daAuts
    D:14: 1730 daAuts
     D:1: 1695 daAuts
     D:3: 1649 daAuts
    D:12: 1647 daAuts
     D:7: 1639 daAuts
Vaults:2: 1599 daAuts
  Lair:3: 1556 daAuts
     D:2: 1531 daAuts
